 Dungeon Crawl Stone Soup version 0.23-a0-516-g0f8c245 (webtiles) character file.

4774 Lanoc the Carver (level 10, -4/65 HPs)
             Began as a Gnoll Chaos Knight on Dec 5, 2018.
             Was a Plaything of Xom.
             Slain by a sun demon (14 damage)
             ... summoned by Xom
             ... on level 9 of the Dungeon.
             The game lasted 00:25:10 (7232 turns).

Lanoc the Carver (Gnoll Chaos Knight)               Turns: 7232, Time: 00:25:10

Health: -4/65      AC: 12    Str: 17    XL:     10   Next: 47%
Magic:  17/17      EV: 15    Int: 14    God:    Xom [.*....]
Gold:   658        SH:  0    Dex: 16    Spells: 19/19 levels left

rFire    . . .     SeeInvis .   a - +1 falchion (chaos)
rCold    . . .     Gourm    .   (no shield)
rNeg     . . .     Faith    .   b - +3 leather armour
rPois    .         Spirit   .   (no helmet)
rElec    .         Reflect  .   s - +0 cloak
rCorr    .         Harm     .   y - +0 pair of gloves
MR       ++...                  n - +2 pair of boots
Stlth    ++++......             g - amulet of the acrobat
HPRegen  0.60/turn              m - ring of protection from magic
MPRegen  0.15/turn              H - ring of stealth

@: very slightly contaminated, invisible
A: distributed training, fangs 1, talons 1, blurry vision 2, frail 2, magic
resistance 1, regeneration 1, strong nose
a: Renounce Religion


You were on level 9 of the Dungeon.
You worshipped Xom.
You were a plaything of Xom.
You were hungry.

You visited 1 branch of the dungeon, and saw 9 of its levels.
You also visited: Sewer and Bailey.

You collected 658 gold pieces.

Inventory:

Hand Weapons
 a - a +1 falchion of chaos (weapon)
 q - a +3 halberd
 u - a +2 whip of flaming
 v - a +1 dagger of chaos
 J - a +3 long sword of protection
Missiles
 f - 155 arrows
 p - 113 bolts
Armour
 b - a +3 leather armour (worn)
 n - a +2 pair of boots (worn)
 s - a +0 cloak (worn)
 y - a +0 pair of gloves (worn)
Magical Staves
 x - an uncursed staff of energy {unknown}
Jewellery
 g - an amulet of the acrobat (around neck)
 j - an uncursed ring of positive energy
 m - a ring of protection from magic (left hand)
 H - a ring of stealth (right hand)
Wands
 h - a wand of clouds (8)
 l - a wand of iceblast (5)
 A - a wand of flame (14)
 F - a wand of random effects (18)
 G - a wand of polymorph (11)
Scrolls
 d - 3 scrolls of enchant weapon
 i - 4 scrolls of teleportation
 t - 5 scrolls of blinking
 z - a scroll of remove curse
 B - a scroll of acquirement
 C - a scroll of amnesia
Potions
 e - 5 potions of flight
 k - 2 potions of heal wounds
 o - 3 potions of agility
 r - 4 potions of curing
 w - a potion of magic
 D - a potion of haste
 E - a potion of cancellation
 I - a potion of ambrosia
Comestibles
 c - 23 rations


   Skills:
 + Level 8.5 Fighting
 + Level 5.2 Short Blades
 + Level 8.5 Long Blades
 + Level 5.2 Axes
 + Level 5.2 Maces & Flails
 + Level 5.2 Polearms
 + Level 5.2 Staves
 + Level 5.2 Slings
 + Level 5.2 Bows
 + Level 5.2 Crossbows
 + Level 5.2 Throwing
 + Level 7.0 Armour
 + Level 5.9 Dodging
 + Level 5.2 Stealth
 + Level 5.2 Shields
 + Level 5.2 Unarmed Combat
 + Level 5.2 Spellcasting
 + Level 4.3 Conjurations
 + Level 4.3 Hexes
 + Level 4.3 Charms
 + Level 4.3 Summonings
 + Level 4.3 Necromancy
 + Level 4.3 Translocations
 + Level 4.3 Transmutations
 + Level 4.3 Fire Magic
 + Level 4.3 Ice Magic
 + Level 4.3 Air Magic
 + Level 4.3 Earth Magic
 + Level 4.3 Poison Magic
 + Level 5.7 Invocations
 + Level 5.2 Evocations


You had 19 spell levels left.
You didn't know any spells.
Your spell library contained the following spells:

 Spells                   Type           Power        Failure   Level  Hunger
 Malign Gateway           Summ/Tloc      ###.......   100%        7    #######
 Monstrous Menagerie      Summ           ###.......   100%        7    #######
 Summon Greater Demon     Summ           ###.......   100%        7    #######
 Summon Horrible Things   Summ           ###.......   100%        8    #######


Dungeon Overview and Level Annotations

Branches:
Dungeon (9/15)             Temple (0/1) D:4
   Lair: D:8-11         Orc: D:9-12

Altars:
Ashenzari
Dithmenos
Fedhas
Makhleb
Nemelex Xobeh
Sif Muna
Trog
Vehumet
Xom


Innate Abilities, Weirdness & Mutations

Your experience applies equally to all skills.
You have very sharp teeth.
Your uncanny sense of smell can sniff out nearby items.
You have sharp toenails.
Scrolls take you longer to read.
You are very frail. (-20% HP)
You are resistant to hostile enchantments. (MR+)
Your natural rate of healing is unusually fast.


Message History

Press: ? - help, Shift-Dir - straight line The mass of ice explodes!
The iceblast engulfs the sun demon.
The sun demon is frozen!
The sun demon is moderately wounded.
You hear a shout!
The sun demon closely misses you.
The sun demon hits you but does no damage.
That item cannot be evoked!
Evoke which item? (* to show all) (? for menu, Esc to quit)
Aiming: Iceblast
Press: ? - help, Shift-Dir - straight line The mass of ice explodes!
The iceblast engulfs the gnoll.
You kill the gnoll!
The iceblast engulfs the sun demon.
The sun demon is frozen!
The sun demon is severely wounded.
You hear a shout! x2
The sun demon hits you!!
* * * LOW HITPOINT WARNING * * *
You are engulfed in flames!
You die...

#############
#####......#....#
..........#.##.###
.........#.##....
#...|....#.##.###
####.#####.<........
#####..........##.......
.......@...........#....
##......3.........##....
...##...)....).##.###.#.
. #....5.....#......#.
#..).........######.
#.......#............
.........###.#...#####5.
......#..#...#..## #.g
........##.....g######g.


You could see a sun demon and a quasit (wandering).

Vanquished Creatures
  Pikel (D:4)
  A kobold demonologist (D:9)
  3 polar bears (D:8)
  A hornet (D:8)
  A yak (D:8)
  A hungry ghost (D:9)
  Menkaure (D:6)
  Edmund (D:5)
  A floating eye (D:9)
  2 orc warriors
  An ice beast (D:8)
  2 ogres
  A sky beast (D:6)
  A centaur (D:8)
  2 wolves (D:8)
  3 big kobolds (Sewer)
  An elf zombie (D:5)
  2 elf skeletons (D:5)
  A gnoll sergeant (D:3)
  6 killer bees (D:8)
  An electric eel (D:8)
  2 howler monkeys
  4 hounds
  An orc priest (D:8)
  A gnoll shaman (D:3)
  2 jellies
  2 orc wizards
  2 centaur skeletons (D:8)
  Ijyb (D:5)
  A human skeleton (D:5)
  2 worker ants (D:4)
  47 gnolls
  8 adders
  2 river rats
  A hound simulacrum (D:8)
  A white imp (D:8)
  An ufetubus (D:8)
  3 oozes
  2 adder zombies
  9 worms
  3 leopard geckos
  22 orcs
  A bat (D:1)
  7 giant cockroaches
  12 goblins
  4 hobgoblins (D:2)
  16 jackals
  6 ball pythons
  2 frilled lizards (D:1)
  A kobold (shapeshifter) (D:2)
  14 kobolds
  An orc skeleton (D:5)
  An orc zombie (D:5)
  12 rats
228 creatures vanquished.

Vanquished Creatures (collateral kills)
  A bullfrog zombie (D:9)
1 creature vanquished.

Vanquished Creatures (others)
  A leopard gecko (D:4)
  A plant (D:3)
2 creatures vanquished.

Grand Total: 231 creatures vanquished

Notes
Turn   | Place    | Note
-------+----------+-------------------------------------------
     0 | D:1      | Lanoc the Gnoll Chaos Knight began the quest for the Orb.
     0 | D:1      | Reached XP level 1. HP: 23/23 MP: 1/1
   152 | D:1      | Reached XP level 2. HP: 29/29 MP: 2/2
   200 | D:1      | XOM is BORED!
   200 | D:1      | XOM: harmless Erth miscast
   242 | D:1      | XOM: harmless Air miscast
   305 | D:1      | XOM: medium Chrm miscast
   456 | D:1      | Reached XP level 3. HP: 35/35 MP: 3/3
   489 | D:1      | XOM: mild Erth miscast
   694 | D:1      | XOM is BORED!
   694 | D:1      | XOM: medium Air miscast
   751 | D:2      | Reached skill level 1 in Invocations
  1044 | D:2      | Reached skill level 1 in Short Blades
  1044 | D:2      | Reached skill level 1 in Axes
  1044 | D:2      | Reached skill level 1 in Maces & Flails
  1044 | D:2      | Reached skill level 1 in Polearms
  1044 | D:2      | Reached skill level 1 in Staves
  1044 | D:2      | Reached skill level 1 in Slings
  1044 | D:2      | Reached skill level 1 in Bows
  1044 | D:2      | Reached skill level 1 in Crossbows
  1044 | D:2      | Reached skill level 1 in Throwing
  1044 | D:2      | Reached skill level 1 in Stealth
  1044 | D:2      | Reached skill level 1 in Shields
  1044 | D:2      | Reached skill level 1 in Unarmed Combat
  1044 | D:2      | Reached skill level 1 in Spellcasting
  1044 | D:2      | Reached skill level 1 in Evocations
  1149 | D:2      | Reached XP level 4. HP: 39/41 MP: 5/5
  1294 | D:3      | Found a shadowy altar of Dithmenos.
  1297 | D:3      | Found a faded altar of an unknown god.
  1336 | D:3      | Found a blossoming altar of Fedhas.
  1336 | D:3      | Found a radiant altar of Vehumet.
  1530 | D:3      | XOM: enchant monster (good)
  1539 | D:3      | Reached skill level 1 in Conjurations
  1539 | D:3      | Reached skill level 1 in Hexes
  1539 | D:3      | Reached skill level 1 in Charms
  1539 | D:3      | Reached skill level 1 in Summonings
  1539 | D:3      | Reached skill level 1 in Necromancy
  1539 | D:3      | Reached skill level 1 in Translocations
  1539 | D:3      | Reached skill level 1 in Transmutations
  1539 | D:3      | Reached skill level 1 in Fire Magic
  1539 | D:3      | Reached skill level 1 in Ice Magic
  1539 | D:3      | Reached skill level 1 in Air Magic
  1539 | D:3      | Reached skill level 1 in Earth Magic
  1539 | D:3      | Reached skill level 1 in Poison Magic
  1547 | D:3      | Found a bloodstained altar of Trog.
  1561 | D:3      | XOM: noise
  1794 | D:3      | Reached XP level 5. HP: 47/47 MP: 6/6
  1923 | D:3      | XOM: mild Air miscast
  1925 | D:3      | XOM: god gift: 10 arrows
  1959 | D:3      | XOM: god gift: 58 gold pieces
  2023 | D:3      | XOM: divination: detect items
  2047 | D:3      | XOM: confuse monster(s)
  2054 | D:3      | Reached XP level 6. HP: 20/53 MP: 8/8
  2063 | D:3      | XOM: confuse monster(s)
  2065 | D:3      | XOM: swap monsters
  2065 | D:3      | Reached skill level 5 in Armour
  2079 | D:3      | XOM: enchant monster (bad)
  2085 | D:3      | Reached XP level 7. HP: 19/59 MP: 10/10
  2519 | D:3      | XOM: god gift: 7 rations
  2654 | D:3      | XOM: noise
  2792 | D:4      | Noticed Pikel
  2799 | D:4      | Killed Pikel
  2799 | D:4      | Reached XP level 8. HP: 48/67 MP: 10/12
  2837 | D:4      | Found a staircase to the Ecumenical Temple.
  2856 | D:4      | XOM: polymorph freed slave -> sky beast
  2872 | D:4      | XOM: give mutations
  2872 | D:4      | Gained mutation: Your body sometimes deteriorates upon
                  | taking damage. [Xom's mischief]
  2872 | D:4      | Gained mutation: Your body often deteriorates upon taking
                  | damage. [Xom's mischief]
  2872 | D:4      | Gained mutation: Scrolls take you a little longer to read.
                  | [Xom's mischief]
  2872 | D:4      | Gained mutation: Your spells are a little harder to cast,
                  | but a little more powerful. [Xom's mischief]
  3207 | D:4      | XOM: 1-stop teleportation journey
  3265 | D:4      | Found a sparkling altar of Nemelex Xobeh.
  3416 | D:4      | XOM: summons 3 hostile shadow creatures
  3467 | D:5      | Entered Level 5 of the Dungeon
  3531 | D:5      | XOM: give mutations
  3531 | D:5      | Gained mutation: You evolve. [Xom's mischief]
  3531 | D:5      | Lost mutation: Your spells are a little harder to cast, but
                  | a little more powerful. [Xom's mischief]
  3534 | D:5      | Found a glowing drain.
  3539 | Sewer    | Entered a sewer
  3544 | Sewer    | XOM: noise
  3617 | Sewer    | XOM: snakes to sticks
  3618 | Sewer    | XOM: chaos upgrade
  3634 | Sewer    | XOM: harmless Air miscast
  3743 | Sewer    | XOM: blink monster(s)
  4122 | Sewer    | XOM: confuse monster(s)
  4397 | D:5      | Noticed Edmund
  4416 | D:5      | Killed Edmund
  4475 | D:5      | Reached XP level 9. HP: 62/72 MP: 14/14
  4951 | D:5      | XOM: harmless Air miscast
  5097 | D:5      | Noticed Ijyb
  5106 | D:5      | Killed Ijyb
  5178 | D:6      | Lost mutation: You evolve. [potion of mutation]
  5178 | D:6      | Lost mutation: Scrolls take you a little longer to read.
                  | [potion of mutation]
  5178 | D:6      | Lost mutation: Your body often deteriorates upon taking
                  | damage. [potion of mutation]
  5178 | D:6      | Lost mutation: Your body sometimes deteriorates upon taking
                  | damage. [potion of mutation]
  5178 | D:6      | Gained mutation: You are frail. (-10% HP) [potion of
                  | mutation]
  5178 | D:6      | Gained mutation: You have sharp toenails. [potion of
                  | mutation]
  5178 | D:6      | Gained mutation: Your natural rate of healing is unusually
                  | fast. [potion of mutation]
  5233 | D:6      | XOM: harmless Necr miscast
  5258 | D:6      | XOM: harmless Chrm miscast
  5260 | D:6      | Found a deep blue altar of Sif Muna.
  5263 | D:6      | Noticed Menkaure
  5305 | D:6      | Killed Menkaure
  5343 | D:6      | XOM: mild Fire miscast
  5435 | D:6      | Reached skill level 5 in Dodging
  5583 | D:6      | XOM: mild Tloc miscast
  5703 | D:6      | XOM: harmless Hex miscast
  5713 | D:6      | XOM: give mutations
  5713 | D:6      | Gained mutation: Scrolls take you a little longer to read.
                  | [Xom's mischief]
  5713 | D:6      | Gained mutation: You are very frail. (-20% HP) [Xom's
                  | mischief]
  5713 | D:6      | Gained mutation: Scrolls take you longer to read. [Xom's
                  | mischief]
  5931 | D:7      | Found a flagged portal.
  5947 | Bailey   | Entered a bailey
  6051 | Bailey   | XOM: summons 4 hostile demons
  6052 | Bailey   | Noticed a red devil
  6052 | Bailey   | Noticed an orange demon
  6052 | Bailey   | Noticed an ice devil
  6080 | D:7      | Found a shattered altar of Ashenzari.
  6080 | D:7      | XOM: 2-stop teleportation journey
  6155 | D:7      | Found a burning altar of Makhleb.
  6482 | D:8      | Noticed a hornet
  6491 | D:8      | Killed a hornet
  6491 | D:8      | Reached skill level 5 in Invocations
  6509 | D:8      | Noticed a polar bear
  6529 | D:8      | XOM: smoke on damage
  6532 | D:8      | XOM: scenery: create altars
  6533 | D:8      | Killed a polar bear
  6533 | D:8      | Reached XP level 10. HP: 12/64 MP: 17/17
  6536 | D:8      | XOM: summons 2 friendly demons
  6549 | D:8      | XOM: confuse monster(s)
  6719 | D:8      | XOM: divination: magic mapping
  6733 | D:8      | XOM: scenery: create altars
  6759 | D:8      | XOM: give mutation
  6759 | D:8      | Gained mutation: You are resistant to hostile enchantments.
                  | (MR+) [Xom's grace]
  6784 | D:8      | XOM: summons friendly crimson imp
  6791 | D:8      | XOM: potion effect (might)
  6795 | D:8      | Reached skill level 5 in Short Blades
  6795 | D:8      | Reached skill level 5 in Axes
  6795 | D:8      | Reached skill level 5 in Maces & Flails
  6795 | D:8      | Reached skill level 5 in Polearms
  6795 | D:8      | Reached skill level 5 in Staves
  6795 | D:8      | Reached skill level 5 in Slings
  6795 | D:8      | Reached skill level 5 in Bows
  6795 | D:8      | Reached skill level 5 in Crossbows
  6795 | D:8      | Reached skill level 5 in Throwing
  6795 | D:8      | Reached skill level 5 in Stealth
  6795 | D:8      | Reached skill level 5 in Shields
  6795 | D:8      | Reached skill level 5 in Unarmed Combat
  6795 | D:8      | Reached skill level 5 in Spellcasting
  6795 | D:8      | Reached skill level 5 in Evocations
  6839 | D:8      | Identified a scroll of acquirement
  7092 | D:8      | XOM: divination: detect items
  7126 | D:9      | Noticed a kobold demonologist
  7132 | D:9      | Noticed an orange demon
  7137 | D:9      | Killed a kobold demonologist
  7146 | D:9      | XOM: cast spell 'Summon Horrible Things'
  7181 | D:9      | Noticed Harold
  7190 | D:9      | Noticed Harold
  7190 | D:9      | Harold changed into Harold the floating eye
  7191 | D:9      | Killed Harold the floating eye
  7210 | D:9      | XOM: summons 3 hostile demons
  7211 | D:9      | Noticed a sun demon
  7223 | D:9      | XOM: potion effect (invisibility)
  7232 | D:9      | Slain by a sun demon

Vault maps used:
D:1:      matt_arrival_spirals, minmay_misc_feat_square, minivault_26
D:3:      lemuel_castle_with_subvaults, grunt_dithmenos_smoke, bloody_trog,
          gammafunk_temple_overflow_statue, first_ration,
          chequers_ecumenical_altar_simple
D:4:      minmay_temple_entry_glassed_door, nrook_uturn, st_stairs_3,
          nemelex_spade_bored_becter, uniq_pikel
D:5:      gup_sewer_entry_bowl, nicolae_ossuary_entry_catacombs,
          chequers_serial_rivers_micro_b, grunt_decor_fettered, uniq_ijyb,
          uniq_edmund
D:6:      nicolae_overflow_crystal_walls, uniq_menkaure
D:7:      nicolae_overflow_hidden_temple, lemuel_round_altar, okawaru_humans,
          overflow_temple_1_default, ashenzari_conservatory_becter,
          hellmonk_ghost_happy_afterlife, enter_bailey_3
D:8:      serial_ice, serial_ice_e, serial_ice_d, serial_ice_l, serial_ice_b
D:9:      lemuel_doored_altar, uniq_harold
Sewer:    sewer_co_15_rooms
Bailey:   bailey_polearm_5, bailey

Skill      XL: |  1  2  3  4  5  6  7  8  9 10 |
---------------+-------------------------------+-----
Invocations    | 1 2 3 4 5 |  5.7
Short Blades   | 1 2 3 4 5 |  5.2
Axes           | 1 2 3 4 5 |  5.2
Maces & Flails | 1 2 3 4 5 |  5.2
Polearms       | 1 2 3 4 5 |  5.2
Staves         | 1 2 3 4 5 |  5.2
Slings         | 1 2 3 4 5 |  5.2
Bows           | 1 2 3 4 5 |  5.2
Crossbows      | 1 2 3 4 5 |  5.2
Throwing       | 1 2 3 4 5 |  5.2
Stealth        | 1 2 3 4 5 |  5.2
Shields        | 1 2 3 4 5 |  5.2
Unarmed Combat | 1 2 3 4 5 |  5.2
Spellcasting   | 1 2 3 4 5 |  5.2
Evocations     | 1 2 3 4 5 |  5.2
Conjurations   | 1 2 3 4 |  4.3
Hexes          | 1 2 3 4 |  4.3
Charms         | 1 2 3 4 |  4.3
Summonings     | 1 2 3 4 |  4.3
Necromancy     | 1 2 3 4 |  4.3
Translocations | 1 2 3 4 |  4.3
Transmutations | 1 2 3 4 |  4.3
Fire Magic     | 1 2 3 4 |  4.3
Ice Magic      | 1 2 3 4 |  4.3
Air Magic      | 1 2 3 4 |  4.3
Earth Magic    | 1 2 3 4 |  4.3
Poison Magic   | 1 2 3 4 |  4.3
Dodging        | 3 4 5 |  5.9
Armour         | 5 6 7 |  7.0
Fighting       | 7 8 |  8.5
Long Blades    | 7 8 |  8.5

Action                   |  1- 3 |  4- 6 |  7- 9 | 10-12 || total
-------------------------+-------+-------+-------+-------++-------
Melee: Falchion          |    89 |   115 |   468 |    69 ||   741
       Bite              |    10 |    20 |    69 |    14 ||   113
       Punch             |       |     1 |    11 |     1 ||    13
Evoke: Wand              |       |       |       |     2 ||     2
  Use: Potion            |       |    10 |     6 |       ||    16
       Scroll            |       |       |    18 |     1 ||    19
 Stab: Sleeping          |     3 |       |     3 |     1 ||     7
       Confused          |     1 |       |     2 |     2 ||     5
       Paralysed         |     1 |     3 |    10 |       ||    14
       Petrifying        |       |       |     2 |       ||     2
  Eat: Chunk             |     1 |     2 |    16 |     2 ||    21
Armor: Leather armour    |    26 |    48 |   135 |    31 ||   240
       Skin              |       |       |     4 |       ||     4
Dodge: Dodged            |    67 |   127 |   383 |    51 ||   628
       Rpst.: Falchion   |    10 |    29 |    93 |    14 ||   146

Table legend:
 A = Non-vault XP
 B = Vault XP
 C = Vault XP percentage of total XP
 D = Non-vault monster count
 E = Vault monster count
 F = Vault count percentage of total count
                 A         B        C        D         E       F
            +---------+---------+-------+---------+---------+-------
      Total |    2668 |    4152 |  60.9 |     108 |     121 |  52.8
            +---------+---------+-------+---------+---------+-------
        D:1 |      43 |       0 |   0.0 |      24 |       0 |   0.0
        D:2 |      56 |       0 |   0.0 |      19 |       0 |   0.0
        D:3 |      23 |     686 |  96.8 |       7 |      61 |  89.7
        D:4 |     268 |     651 |  70.8 |      12 |       1 |   7.7
        D:5 |      24 |     511 |  95.5 |       5 |      11 |  68.8
        D:6 |     575 |     172 |  23.0 |      14 |       1 |   6.7
        D:7 |       0 |       7 | 100.0 |       0 |       4 | 100.0
        D:8 |    1042 |    1429 |  57.8 |      19 |      10 |  34.5
        D:9 |     637 |     145 |  18.5 |       8 |       1 |  11.1
      Sewer |       0 |     382 | 100.0 |       0 |      20 | 100.0
     Bailey |       0 |     169 | 100.0 |       0 |      12 | 100.0
            +---------+---------+-------+---------+---------+-------
